 Dungeon Crawl Stone Soup version 0.29-a0-2-g12fcac58f8 (webtiles) character file.

Game seed: 14391043703413933461

35 HallandMoats the Ruffian (level 3, 33/33 HPs)
             Began as a Ghoul Monk on Jan 27, 2022.
             Was a Priest of Lugonu.
             Safely got out of the dungeon.
             The game lasted 00:02:00 (1540 turns).

HallandMoats the Ruffian (Ghoul Monk)               Turns: 1540, Time: 00:02:00

Health: 33/33      AC:  2    Str: 16    XL:     3   Next: 35%
Magic:  2/2        EV: 12    Int:  5    God:    Lugonu [***...]
Gold:   47         SH:  0    Dex: 11    Spells: 2/2 levels left

rFire   . . .      SeeInvis .     - Unarmed
rCold   + . .      Faith    .   (no shield)
rNeg    + + +      Spirit   .   a - +0 robe
rPois   ∞          Reflect  .   (no helmet)
rElec   .          Harm     .   (no cloak)
rCorr   .          Rampage  .   (no gloves)
Will    .....                   (no boots)
Stlth   ++........              (no amulet)
HPRegen 0.11/turn               (no ring)
MPRegen 0.08/turn               (no ring)

@: no status effects
A: claws 1, cold resistance 1, negative energy resistance 3, inhibited
regeneration, torment resistance 2
a: Renounce Religion, Depart the Abyss, Bend Space, Banish


You escaped.
You worshipped Lugonu.
Lugonu was most pleased with you.
You visited 1 branch of the dungeon, and saw 1 of its levels.

You collected 47 gold pieces.

Inventory:

Armour
 a - a +0 robe (worn)
Scrolls
 b - a scroll of enchant armour {unknown}
 d - a scroll of teleportation {unknown}
Potions
 c - a potion of heal wounds {unknown}
 e - a potion of curing {unknown}


   Skills:
 * Level 3.7 Fighting
 + Level 0.4 Armour
 + Level 2.9 Dodging
 - Level 2.1 Stealth
 * Level 3.9 Unarmed Combat
 + Level 0.8 Invocations


You had 2 spell levels left.
You didn't know any spells.
Your spell library was empty.

Dungeon Overview and Level Annotations

Branches:
Dungeon (1/15)

Altars:
Lugonu


Innate Abilities, Weirdness & Mutations

You thrive by killing the living.
You are immune to poison.
You have sharp fingernails.
Your flesh is cold resistant. (rC+)
You are immune to negative energy. (rN+++)
You do not regenerate when monsters are visible.
You are immune to unholy pain and torment.


Message History

There is a large open door here.
A goblin is nearby!
The goblin shouts!
The goblin hits you with a +0 dagger.
There is a large open door here.
You scratch the goblin.
The goblin is moderately wounded.
You scratch the goblin.
You kill the goblin!
You feel better.
No target in view!
No target in view!
(D) Dungeon
Where to? (Enter - D:1 @ (x,y), ? - help)
There is a large open door here.
You see here a +0 dagger.
There is a large open door here.
There is a large open door here.
There is a large open door here.
There is a large open door here.
There is a faded altar of an unknown god here.
You cannot tell which god this altar belongs to.
Convert to them anyway?
Lugonu accepts your prayer! Lugonu welcomes you!
You can now depart the Abyss.
You can now bend space around yourself.
You can now banish your foes.
Unknown command.
Press < or > to pray at altars.
Unknown command.
Press < or > to pray at altars.
Okay, then.
(D) Dungeon
Where to? (Enter - D:1 @ (x,y), ? - help)
What level of the Dungeon? (default 1, ? - help)
There is a large open door here.
There is a large open door here.
There is an open door here.
There is a staircase leading out of the dungeon here.
Are you sure you want to leave the Dungeon?
This will make you lose the game!
You have escaped!

....†........#.# #...#.# #..♣
#.#####......#.# #.#.#.# #..♣ #.#
#......#.# ###.#.#.# #... ..#
##........# #.....#.# ##..
######.......#.#####.......# #..
.....#..)................#######.
..##.###......≈≈≈≈≈≈≈≈≈≈.≈≈≈≈≈≈≈≈
#..)..........≈######♣##'##♣#####
#..#..........≈#@.8#≈♣≈#'#≈♣≈#8.>
#..#.....#.#..≈#...##8##.##8##...
#..#.....#.#..≈#...'.........'...
#..#..........≈#...###8#'#8###...
...........#.#≈#8.8##♣##'##♣##8.8
######.#......≈##'##♣≈.....≈♣##'#
..........#...≈≈#.##♣.......♣##.#
######....###.###.8#.........#8.#
#.........#≈#.##...≈♣≈...##.#


There were no monsters in sight!

Vanquished Creatures
  3 ball pythons (D:1)
  4 bats (D:1)
  A giant cockroach (D:1)
  4 goblins (D:1)
  2 hobgoblins (D:1)
  4 jackals (D:1)
  5 kobolds (D:1)
  A quokka (D:1)
  A frilled lizard (D:1)
  7 rats (D:1)
32 creatures vanquished.

Notes
Turn   | Place    | Note
-------+----------+-------------------------------------------
     0 | D:1      | HallandMoats the Ghoul Monk began the quest for the Orb.
     0 | D:1      | Reached XP level 1. HP: 19/19 MP: 0/0
   338 | D:1      | Reached XP level 2. HP: 24/26 MP: 1/1
   798 | D:1      | Reached XP level 3. HP: 8/33 MP: 2/2
  1307 | D:1      | Found a faded altar of an unknown god.
  1509 | D:1      | Prayed at the altar of an unknown god.
  1509 | D:1      | Became a worshipper of Lugonu the Unformed
  1509 | D:1      | Reached * piety under Lugonu
  1509 | D:1      | Reached ** piety under Lugonu
  1509 | D:1      | Reached *** piety under Lugonu
  1540 | D:$      | Safely got out of the dungeon.

Illustrated notes

Levels and vault maps discovered:
D:1:      saegor_arrival_fortress, layout_basic, basic_ecumenical_altar,
          serial_bayou_ford_a

Action                   || total
-------------------------++-------
Melee: Unarmed           ||   104
 Stab: Sleeping          ||     2
Armor: Robe              ||    20
Dodge: Dodged            ||    69

Table legend: (Time is in decaauts)
 A = Elapsed time spent in this place.
 B = Non-inter-level travel time spent in this place.
 C = Inter-level travel time spent in this place.
 D = Time resting spent in this place.
 E = Time spent auto-exploring this place.
 F = Levels seen in this place.
 G = Mean time per level.
                   A        B        C        D        E       F      G
               +--------+--------+--------+--------+--------+-----+--------+
         Total |   1542 |   1473 |     69 |      0 |   1234 |   1 | 1542.0 |
       Dungeon |   1542 |   1473 |     69 |      0 |   1234 |   1 | 1542.0 |
               +--------+--------+--------+--------+--------+-----+--------+

Top non-repeatable levels by time:
     D:1: 1542 daAuts
